 Dungeon Crawl Stone Soup version 0.28.0-1-gb440e238dd (webtiles) character file.

Game seed: 2156548388639686680

515373 diecastcamel the Slayer (level 24, -13/236 (242) HPs)
             Began as a Minotaur Berserker on Feb 19, 2022.
             Was the Champion of Trog.
             Mangled by a vampire knight (31 damage)
             ... on level 4 of the Depths on Feb 21, 2022.
             The game lasted 05:47:30 (65941 turns).

diecastcamel the Slayer (Minotaur Berserker)       Turns: 65941, Time: 05:47:31

HP:   -13/236 (242) AC: 39    Str: 31    XL:     24   Next: 46%
MP:   22/22         EV: 25    Int:  6    God:    Trog [******]
Gold: 3082          SH: 27    Dex: 23    Spells: 23/23 levels left

rFire   + + .      SeeInvis .   X - +7 broad axe (drain)
rCold   + + +      Faith    .   h - +5 kite shield {rF+}
rNeg    + . .      Spirit   .   W - +8 plate armour "Mafier" {rC++ rN+}
rPois   .          Reflect  +   (helmet restricted)
rElec   +          Harm     .   u - scarf {rC+ rF+}
rCorr   .          Rampage  .   m - +2 pair of gloves
Will    +....                   F - +2 pair of boots {Stlth+}
Stlth   ..........              z - amulet of reflection
HPRegen 0.49/turn               D - +9 ring of dexterity
MPRegen 0.18/turn               a - ring of Circularity {*Slow rElec rC+ Dex+3}

@: about to teleport, hasted, lightly drained, very quick
A: horns 2, retaliatory headbutt, iridescent scales 1
}: 2/15 runes: serpentine, barnacled
a: Renounce Religion, Berserk, Trog's Hand, Brothers in Arms


You were on level 4 of the Depths.
You worshipped Trog.
Trog was exalted by your worship.
You visited 9 branches of the dungeon, and saw 43 of its levels.
You visited the Abyss 1 time.
You visited 1 bazaar.
You also visited: Trove and Wizlab.

You collected 7274 gold pieces.
You spent 4192 gold pieces at shops.

Inventory:

Hand Weapons
 f - the +12 spear of Pobrewk {venom, rElec rPois}
   (You found it on level 6 of the Dungeon)

   It poisons the flesh of those it strikes.
   rElec:     It insulates you from electricity.
   rPois:     It protects you from poison.
 t - a +6 broad axe of electrocution
 X - a +7 broad axe of draining (weapon)
Missiles
 j - 57 boomerangs (quivered)
Armour
 e - a +0 cloak
 h - a +5 kite shield of fire resistance (worn)
 m - a +2 pair of gloves (worn)
 s - the +7 plate armour of Untold Secrets {rF++ Int+4}
   (You found it on level 5 of the Dungeon)

   Int:       It affects your intelligence (+4).
   rF:        It greatly protects you from fire.
 u - a scarf of resistance (worn)
 F - a +2 pair of boots of stealth (worn)
 W - the +8 plate armour "Mafier" (worn) {rC++ rN+}
   (You found it on level 13 of the Dungeon)

   rC:        It greatly protects you from cold.
   rN:        It protects you from negative energy.
Jewellery
 a - the ring of Circularity (right hand) {*Slow rElec rC+ Dex+3}
   (You found it on level 3 of the Lair of Beasts)

   [ring of protection from cold]

   Dex:       It affects your dexterity (+3).
   rC:        It protects you from cold.
   rElec:     It insulates you from electricity.
   *Slow:     It may slow you when you take damage.
 n - a ring of positive energy
 p - a +6 ring of strength
 x - a ring of protection from fire
 y - the ring of Nemelex Xobeh's Scorn {rPois rCorr}
   (You found it on level 7 of the Dungeon)

   [ring of poison resistance]

   rPois:     It protects you from poison.
   rCorr:     It protects you from acid and corrosion.
 z - an amulet of reflection (around neck)
 D - a +9 ring of dexterity (left hand)
 O - a ring of flight
Wands
 k - a wand of digging (8)
 q - a wand of acid (23)
 I - a wand of paralysis (24)
 K - a wand of iceblast (10)
 L - a wand of flame (6)
 U - a wand of mindburst (13)
Scrolls
 d - a scroll of enchant armour
 g - 6 scrolls of fog
 l - 2 scrolls of magic mapping
 v - 8 scrolls of teleportation
 w - 5 scrolls of holy word
 A - 18 scrolls of identify
 H - 5 scrolls of fear
 J - a scroll of silence
Potions
 c - 12 potions of curing
 o - 3 potions of invisibility
 r - 6 potions of resistance
 C - 11 potions of mutation
 E - 3 potions of flight
 G - 3 potions of haste
 M - 5 potions of lignification
 P - 4 potions of might
 Q - a potion of berserk rage
Miscellaneous
 b - a box of beasts
 N - a tin of tremorstones (2/2)
 R - a phantom mirror
 S - a lightning rod (4/4)
 T - a phial of floods
 V - a condenser vane


   Skills:
 + Level 25.0 Fighting
 - Level 17.7(18.0) Axes
 - Level 4.2(12.4) Polearms
 + Level 24.9 Armour
 + Level 23.0 Dodging
 - Level 20.0 Shields
 - Level 10.4 Evocations


You had 23 spell levels left.
You didn't know any spells.
Your spell library was empty.

Dungeon Overview and Level Annotations

Branches:
Dungeon (15/15)            Temple (1/1) D:7            Lair (6/6) D:10
 Shoals (4/4) Lair:3        Snake (4/4) Lair:2        Slime (0/5) Lair:5
    Orc (2/2) D:11            Elf (3/3) Orc:2        Vaults (4/5) D:14
  Crypt (0/3) Vaults:2     Depths (4/4) D:15            Zot (0/5) Depths:4
 WizLab (visited)

Altars:
Ashenzari
Cheibriados
Dithmenos
Elyvilon
Fedhas
Gozag
Hepliaklqana
Kikubaaqudgha
Makhleb
Nemelex Xobeh
Okawaru
Qazlal
Ru
Sif Muna
Trog
Uskayaw
Vehumet
Wu Jian
Xom
Yredelemnul
Zin
The Shining One
Beogh
Jiyva
Lugonu

Shops:
D:6 (   D:15 (   Orc:2 :(?   Elf:1 *   Elf:2 =*   Shoals:1 =   Shoals:3 (
Shoals:4 *   Snake:1 [[   Vaults:1 [   Vaults:3 !   Depths:2 *   Depths:4 =

Portals:
Hell: Depths:1 Depths:2 Depths:3 Depths:4
Abyss: Depths:1 Depths:2 Depths:3
Pandemonium: Depths:2
Ziggurat: Depths:4

Annotations:
Lair:2 KUP's ghost, journeyman BaFE
Lair:4 1 runed translucent door, Zaegoraum's ghost, journeyman DsAK
Vaults:3 Sojobo


Innate Abilities, Weirdness & Mutations

You have a pair of horns on your head.
You reflexively headbutt those who attack you in melee.
You are partially covered in iridescent scales. (AC +2)


Message History

The quicksilver dragon bites you but does no damage.
The quicksilver dragon claws you but does no damage.
Something draws life force from you.
* * * LOW HITPOINT WARNING * * *
The quicksilver dragon bites you but does no damage.
The quicksilver dragon claws you but does no damage.
Something hits you but does no damage. Something bites you!
* * * LOW HITPOINT WARNING * * *
Something draws strength from your injuries!
The quicksilver dragon bites you but does no damage.
The quicksilver dragon claws you but does no damage.
Something hits you!!
* * * LOW HITPOINT WARNING * * *
Something bites you but does no damage.
The quicksilver dragon barely misses you.
The quicksilver dragon claws you but does no damage.
Something hits you but does no damage. Something bites you.
* * * LOW HITPOINT WARNING * * *
Something draws strength from your injuries!
You can move again.
You feel yourself speed up.
The quicksilver dragon barely misses you.
You furiously retaliate!
You headbutt the quicksilver dragon.
You block the quicksilver dragon's attack.
Something hits you!
* * * LOW HITPOINT WARNING * * *
Something bites you but does no damage.
You block the quicksilver dragon's attack. x2
You feel much better. Something hits you but does no damage.
Something bites you but does no damage.
You block the quicksilver dragon's attack.
The quicksilver dragon misses you.
As you read the scroll of teleportation, it crumbles to dust.
You feel strangely unstable. Something hits you!
* * * LOW HITPOINT WARNING * * *
Something bites you but does no damage. Something misses you.
You block something's attack.
There is an open door here.
Something hits you!!
You die...

## .#. #........# .##
..#.. #.###.#### ..##
..#..##.###†## ...##
...#..........#
#...###..#
#.........#
##...#...# .........#
##.....#######'###.##
##....#...........#
###....##.######@####
#.....##
#####D########
....###
#....{.......# ..###
#.......###..# ###
#....###..[#.#
#####......#.#
#....##...#.# #...
..#.#... #..
...#.#.#.


You could see a quicksilver dragon.

Vanquished Creatures
  An ancient lich (Depths:3)
  A juggernaut (Depths:3)
  Mara (Vaults:4)
  4 caustic shrikes (Depths:3)
  A golden dragon (Depths:3)
  Jory (Vaults:2)
  A tentacled monstrosity (Depths:3)
  A walking earthen tome (Depths:3)
  A lich (Depths:2)
  Mlioglotl (Snake:4)
  Rupert (Orc:1)
  Asterion (Depths:2)
  3 quicksilver dragons
  2 deep elf blademasters (Elf:3)
  2 deep elf master archers (Elf:3)
  2 tentacled starspawn (Abyss:3)
  5 sphinxes
  Donald (Elf:3)
  Polyphemus (Shoals:2)
  5 tengu reavers
  2 storm dragons
  4 shadow dragons
  2 azure jellies (Lair:5)
  3 nagarajas
  7 fire giants
  A draconian knight (Depths:4)
  A balrug (Depths:3)
  7 frost giants
  2 iron dragons (Depths:3)
  3 deep elf sorcerers (Elf:3)
  16 vault wardens
  2 orc warlords (Vaults:4)
  A curse skull (Vaults:2)
  A draconian shifter (Depths:4)
  Aizul (Vaults:1)
  8 ironbound thunderhulks
  3 deep elf elementalists (Elf:3)
  A spriggan defender (Depths:3)
  A reaper (Depths:3)
  28 very ugly things
  A war gargoyle (Vaults:3)
  2 vampire knights
  A green draconian (Depths:4)
  8 stone giants
  11 deep elf demonologists
  2 purple draconians (Depths:4)
  20 ironbound preservers
  4 entropy weavers
  2 white draconians (Depths:4)
  9 deep elf annihilators (Elf:3)
  A black draconian (Depths:4)
  4 spark wasps (Depths:2)
  13 dire elephants
  A red draconian (Depths:4)
  2 eidola
  10 ettins
  4 deep elf death magi
  A blizzard demon (Depths:3)
  7 fire dragons
  10 merfolk impalers
  6 merfolk javelineers
  7 deep elf high priests
  8 great orbs of eyes
  2 jiangshi (Depths:1)
  9 yaktaur captains
  5 rakshasas
  7 vault guards
  3 naga warriors
  5 spriggan air magi
  4 boulder beetles
  2 peacekeepers
  5 ice dragons
  2 salamander tyrants
  12 hydras
  13 ironbound frosthearts
  3 catoblepae
  A hell beast (Depths:2)
  A merfolk avatar (Shoals:4)
  5 merfolk aquamancers
  6 centaur warriors
  A death knight (D:13)
  9 anacondas
  An alligator snapping turtle (Shoals:4)
  2 two-headed ogres
  30 dancing weapons
  18 tengu warriors
  A satyr (Shoals:4)
  14 death yaks
  Urug (Lair:1)
  A vampire mage (Depths:1)
  12 spriggan berserkers
  5 deep troll shamans
  17 naga sharpshooters
  10 deep troll earth magi
  5 hell hogs (Depths:3)
  10 shock serpents
  7 thrashing horrors
  6 orc high priests
  23 deep elf knights
  3 wretched stars
  12 iron trolls
  5 shadow wraiths
  7 sun demons
  3 skeletal warriors (Depths:3)
  4 soul eaters
  A salamander mystic (Snake:2)
  74 deep trolls
  2 goliath frogs (Lair:6)
  17 sea snakes
  8 glowing orange brains
  A steelbarb worm (shapeshifter) (Vaults:1)
  6 lindwurms
  A quicksilver dragon simulacrum (Depths:3)
  17 deep elf archers
  5 naga ritualists
  A flayed ghost (Depths:2)
  2 kraken simulacra
  3 phantasmal warriors
  21 harpies
  17 ironbound convokers
  2 necromancers
  8 wizards
  25 deep elf zephyrmancers
  33 deep elf pyromancers
  19 orc knights
  3 fauns
  19 ugly things
  5 orc sorcerers
  A moth of wrath (shapeshifter) (Depths:3)
  4 oklob plants
  13 manticores
  9 salamanders
  A moth of wrath (Lair:2)
  7 mana vipers
  4 cyclopes
  2 worldbinders (Abyss:2)
  An ice statue (Depths:3)
  12 elephants
  6 merfolk sirens
  An apocalypse crab (Abyss:2)
  A fire giant skeleton (Vaults:4)
  36 black mambas
  10 water nymphs
  9 guardian serpents
  2 smoke demons
  15 vault sentinels
  2 orange demons
  11 naga magi
  11 komodo dragons
  26 cane toads
  35 yaktaurs
  6 rime drakes
  An efreet (D:15)
  3 kobold demonologists (D:9)
  2 unseen horrors
  3 ice devils
  3 freezing wraiths (Depths:3)
  3 tengu conjurers
  2 tyrant leeches (Lair:6)
  4 ancient zymes
  A guardian mummy (WizLab)
  3 trolls
  42 merfolk
  7 polar bears
  2 hornets
  A tarantella (shapeshifter) (Elf:3)
  A hornet (shapeshifter) (D:14)
  Grinder (D:5)
  18 blink frogs
  6 wind drakes
  A sphinx simulacrum (Vaults:4)
  A blink frog (shapeshifter) (D:14)
  4 large abominations
  A human skeleton (Vaults:4)
  36 slime creatures
  15 snapping turtles
  5 raiju (Abyss:3)
  Sigmund (D:6)
  3 centaur simulacra
  5 air elementals
  2 ynoxinuls
  15 water elementals
  6 spriggans
  39 yaks
  4 shadows
  A culicivora (Vaults:3)
  7 wyverns
  2 wraiths
  Eustachio (D:5)
  5 fire elementals
  12 golden eyes
  2 basilisks
  A chaos spawn (Abyss:3)
  2 neqoxecs
  3 sea snake simulacra (Shoals:2)
  4 alligator snapping turtle simulacra (Shoals:2)
  4 redbacks
  22 vampire mosquitoes
  5 wargs
  A harpy simulacrum (Shoals:2)
  A naga zombie (Abyss:3)
  4 small abominations
  29 nagas
  14 water moccasins
  45 orc warriors
  3 ice beasts
  3 ettin simulacra (Depths:3)
  2 necrophages
  7 wolves
  3 satyr simulacra (Shoals:2)
  9 boggarts
  7 ogres
  A phantom (D:7)
  4 centaurs
  5 kobold brigands
  Blork the orc (D:5)
  20 bullfrogs
  3 earth elementals
  2 scorpions (D:4)
  2 faun simulacra (Shoals:2)
  6 manticore simulacra (Shoals:2)
  3 wights (D:8)
  2 killer bees (D:7)
  A snapping turtle simulacrum (Shoals:2)
  3 howler monkeys (D:9)
  10 electric eels
  22 starcursed masses
  3 hounds
  4 jellies
  A quasit (Abyss:2)
  4 centaur zombies
  Crazy Yiuf (D:5)
  A bullfrog skeleton (D:5)
  35 orc priests
  Ijyb (D:3)
  A centaur skeleton (D:7)
  An iguana (D:4)
  An iguana (shapeshifter) (Depths:3)
  23 orc wizards
  A hound skeleton (D:4)
  A howler monkey zombie (D:6)
  7 gnolls
  5 adders
  A howler monkey skeleton (D:5)
  3 white imps (D:7)
  2 ufetubi (Abyss:3)
  2 worms
  4 dart slugs
  108 orcs
  A bat (D:1)
  5 endoplasms
  4 giant cockroaches
  7 goblins
  13 hobgoblins
  3 jackals (D:5)
  3 quokkas
  12 ball pythons
  A frilled lizard (D:2)
  25 kobolds
  7 rats
  2 starspawn tentacles (Abyss:3)
1889 creatures vanquished.

Vanquished Creatures (collateral kills)
  A tengu reaver (Vaults:3)
  A deep elf elementalist (Elf:3)
  2 deep elf death magi (Elf:3)
  The ghost of iguanaiguana the Cleaver, a journeyman DDFi (Lair:3)
  A naga warrior (Snake:3)
  A manticore (Shoals:2)
  A moth of wrath (Lair:3)
  A black mamba (Lair:3)
  A naga mage (Snake:3)
  A merfolk (Shoals:3)
  A water elemental (Shoals:3)
12 creatures vanquished.

Vanquished Creatures (others)
  A titan (Depths:2)
  A fire giant (Depths:3)
  A naga warrior (Snake:4)
  A deep troll shaman (Depths:1)
  A dancing weapon (Elf:3)
  A deep elf knight (Elf:1)
  A spatial maelstrom (Abyss:3)
  A quicksilver dragon simulacrum (Depths:3)
  A wizard (Vaults:4)
  2 deep elf pyromancers
  A manticore (Shoals:1)
  A merfolk (Shoals:3)
  A water elemental (Elf:1)
  33 fungi
  173 plants
  13 starspawn tentacles
  10 tentacles
243 creatures vanquished.

Grand Total: 2144 creatures vanquished

Notes
Turn   | Place    | Note
-------+----------+-------------------------------------------
     0 | D:1      | diecastcamel the Minotaur Berserker began the quest for the
                  | Orb.
     0 | D:1      | Reached XP level 1. HP: 19/19 MP: 0/0
   235 | D:1      | Reached XP level 2. HP: 17/27 MP: 1/1
   772 | D:1      | Found a faded altar of an unknown god.
   833 | D:1      | Reached skill level 4 in Fighting
   841 | D:1      | Reached ** piety under Trog
   858 | D:1      | Reached XP level 3. HP: 33/33 MP: 2/2
  1212 | D:2      | You fall into a shaft and drop 2 floors!
  1247 | D:4      | Reached XP level 4. HP: 35/40 MP: 3/3
  1250 | D:4      | Reached skill level 5 in Axes
  1252 | D:4      | Reached XP level 5. HP: 28/47 MP: 4/4
  1398 | D:4      | Found a shadowy altar of Dithmenos.
  1555 | D:4      | Found Zegi's Jewellery Shoppe.
  1922 | D:2      | Reached XP level 6. HP: 55/55 MP: 5/5
  2236 | D:2      | Reached skill level 5 in Fighting
  3034 | D:3      | Noticed Ijyb
  3040 | D:3      | Killed Ijyb
  3344 | D:4      | Reached XP level 7. HP: 45/61 MP: 6/6
  3432 | D:4      | Found a bloodstained altar of Trog.
  3432 | D:4      | Found a broken altar of Ashenzari.
  3432 | D:4      | Found a blossoming altar of Fedhas.
  4101 | D:5      | Entered Level 5 of the Dungeon
  4140 | D:5      | Identified the +7 plate armour of Untold Secrets {rF++
                  | Int+4}
  4167 | D:5      | Reached skill level 5 in Armour
  4307 | D:5      | Reached skill level 6 in Fighting
  4524 | D:5      | Found a runed translucent door.
  4525 | D:5      | Noticed Crazy Yiuf
  4548 | D:5      | Found an ornate altar of the Wu Jian Council.
  4573 | D:5      | Killed Crazy Yiuf
  4629 | D:5      | Noticed Eustachio
  4632 | D:5      | Noticed Grinder
  4644 | D:5      | Killed Eustachio
  4645 | D:5      | Reached skill level 5 in Dodging
  4645 | D:5      | Reached XP level 8. HP: 71/71 MP: 7/7
  4647 | D:5      | Killed Grinder
  5336 | D:5      | Noticed Blork the orc
  5343 | D:5      | Killed Blork the orc
  5831 | D:6      | Identified the +12 spear of Pobrewk {venom, rElec rPois}
  6120 | D:6      | Found Vischuma's Weapon Shoppe.
  6143 | D:6      | Noticed Sigmund
  6147 | D:6      | Killed Sigmund
  6148 | D:6      | Reached skill level 7 in Fighting
  6148 | D:6      | Reached skill level 1 in Polearms
  6151 | D:6      | Reached skill level 1 in Evocations
  6489 | D:6      | Reached *** piety under Trog
  6947 | D:7      | Identified the ring of Nemelex Xobeh's Scorn {rPois rCorr}
  6983 | D:7      | Reached XP level 9. HP: 79/79 MP: 8/8
  7333 | D:7      | Reached skill level 8 in Fighting
  7544 | D:7      | Found a staircase to the Ecumenical Temple.
  7550 | Temple   | Entered the Ecumenical Temple
  8015 | D:8      | Noticed a two-headed ogre
  8020 | D:8      | Killed a two-headed ogre
  8203 | D:8      | Found a transporter.
  8374 | D:8      | Found a transporter.
  8524 | D:8      | Found an iron altar of Okawaru.
  8792 | D:9      | Reached XP level 10. HP: 90/90 MP: 9/9
  8867 | D:9      | Reached skill level 9 in Fighting
  9100 | D:9      | Reached **** piety under Trog
  9132 | D:9      | Found a glowing golden altar of the Shining One.
  9654 | D:9      | Found a sparkling altar of Nemelex Xobeh.
 10049 | D:10     | Entered Level 10 of the Dungeon
 10087 | D:10     | Noticed a death yak
 10104 | D:10     | Identified the +10 arbalest "Recousishre" {freeze, rElec
                  | rF++ Will-}
 10108 | D:10     | Noticed a death yak
 10112 | D:10     | Killed a death yak
 10112 | D:10     | Noticed a death yak
 10112 | D:10     | Noticed a death yak
 10127 | D:10     | Killed a death yak
 10128 | D:10     | Reached skill level 5 in Evocations
 10132 | D:10     | Noticed a death yak
 10133 | D:10     | Killed a death yak
 10134 | D:10     | Reached skill level 10 in Fighting
 10144 | D:10     | Killed a death yak
 10145 | D:10     | Reached skill level 10 in Armour
 10145 | D:10     | Reached XP level 11. HP: 83/100 MP: 10/10
 10152 | D:10     | Killed a death yak
 10405 | D:10     | Found a staircase to the Lair.
 11017 | D:11     | Found a viscous altar of Jiyva.
 11127 | D:11     | Reached skill level 11 in Fighting
 11228 | D:11     | Reached skill level 10 in Dodging
 11382 | D:11     | Reached skill level 10 in Axes
 11622 | D:11     | Reached ***** piety under Trog
 11696 | D:11     | Found a staircase to the Orcish Mines.
 12063 | Lair:1   | Entered Level 1 of the Lair of Beasts
 12089 | Lair:1   | Reached XP level 12. HP: 105/112 MP: 11/11
 12192 | Lair:1   | Noticed Urug
 12206 | Lair:1   | Killed Urug
 12207 | Lair:1   | Reached skill level 12 in Fighting
 13145 | Lair:2   | Found a transporter.
 13149 | Lair:2   | Noticed KUP's ghost (journeyman BaFE)
 13150 | Lair:2   | Found a bloodstained altar of Trog.
 13161 | Lair:2   | Found a transporter.
 13299 | Lair:2   | Noticed a five-headed hydra
 13311 | Lair:2   | Killed a one-headed hydra
 13390 | Lair:2   | Found a staircase to the Snake Pit.
 13944 | Lair:2   | Identified the +2 robe of Analysis {Harm *Slow rC++ Dex+3}
 13954 | Lair:2   | Noticed a catoblepas
 13959 | Lair:2   | Killed a catoblepas
 15180 | Lair:3   | Found a staircase to the Shoals.
 15222 | Lair:3   | Noticed a seven-headed hydra
 15227 | Lair:3   | Killed a five-headed hydra
 15265 | Lair:3   | Found a transporter.
 15276 | Lair:3   | Found a transporter.
 15280 | Lair:3   | Noticed iguanaiguana's ghost (journeyman DDFi)
 15302 | Lair:3   | Noticed a six-headed hydra
 15355 | Lair:3   | Killed iguanaiguana's ghost
 15356 | Lair:3   | Reached skill level 13 in Fighting
 15356 | Lair:3   | Killed a three-headed hydra
 15358 | Lair:3   | Identified the ring of Circularity {*Slow rElec rC+ Dex+3}
 15584 | Lair:3   | Reached XP level 13. HP: 111/122 MP: 12/12
 16567 | Lair:3   | Identified a scroll of acquirement
 16567 | Lair:3   | Acquired 720 gold pieces
 16682 | Lair:4   | Identified the +3 scale mail of Roziepsa {rElec}
 17442 | Lair:4   | Found a runed translucent door.
 17443 | Lair:4   | Noticed Zaegoraum's ghost (journeyman DsAK)
 17444 | Lair:4   | Identified the +3 trident "Kopuhic" {holy, rN+ Int+2}
 18289 | Lair:5   | Identified the +8 long sword of the Shining Light {vorpal,
                  | rPois rF+ rC+ Will+} (Trog gifted it to you on level 5 of
                  | the Lair of Beasts)
 18289 | Lair:5   | Received a gift from Trog
 18499 | Lair:5   | Noticed an azure jelly
 18500 | Lair:5   | Found a runed translucent door.
 18500 | Lair:5   | Found a viscous altar of Jiyva.
 18505 | Lair:5   | Noticed an azure jelly
 18506 | Lair:5   | Found a staircase to the Slime Pits.
 19009 | Lair:5   | Reached skill level 15 in Axes
 19014 | Lair:5   | Reached skill level 14 in Fighting
 19343 | Lair:6   | Entered Level 6 of the Lair of Beasts
 19603 | Lair:6   | Reached XP level 14. HP: 124/132 MP: 13/13
 20639 | Lair:6   | Reached skill level 15 in Fighting
 20836 | Lair:6   | Reached skill level 15 in Armour
 21783 | D:12     | Identified the +4 battleaxe of the Lurker {vorpal, rF++
                  | rC++ Str+2} (Trog gifted it to you on level 12 of the
                  | Dungeon)
 21783 | D:12     | Received a gift from Trog
 22012 | D:12     | Found an iron altar of Okawaru.
 23464 | D:13     | Identified the +8 plate armour "Mafier" {rC++ rN+}
 24188 | Orc:1    | Entered Level 1 of the Orcish Mines
 24752 | D:11     | Received a gift from Trog
 25207 | Orc:2    | Entered Level 2 of the Orcish Mines
 25249 | Orc:1    | Reached XP level 15. HP: 116/143 MP: 14/14
 25257 | Orc:1    | HP: 5/143 [ettin (27)]
 25592 | Orc:2    | Noticed Rupert
 25997 | Orc:1    | Killed Rupert
 26842 | Orc:2    | Received a gift from Trog
 27049 | Orc:2    | Found a staircase to the Elven Halls.
 27271 | Orc:2    | Reached skill level 16 in Fighting
 28442 | Orc:2    | Found Komuank's Magic Scroll Boutique.
 28444 | Orc:2    | Found Neihut's Book Boutique.
 28444 | Orc:2    | Found Icaeger's Weapon Shop.
 28445 | Orc:2    | Found Zugorr's Armour Boutique.
 28587 | Orc:2    | Bought a scroll of acquirement for 520 gold pieces
 28587 | Orc:2    | Bought a scroll of blinking for 75 gold pieces
 28587 | Orc:2    | Bought a scroll of teleportation for 30 gold pieces
 28587 | Orc:2    | Acquired 812 gold pieces
 28588 | Orc:2    | Bought a scroll of brand weapon for 200 gold pieces
 29025 | D:14     | Found a gate to the Vaults.
 29751 | D:15     | Entered Level 15 of the Dungeon
 29907 | D:15     | Identified the +4 kite shield of the Garden {-Cast rC+
                  | Regen+}
 29977 | D:15     | Reached skill level 1 in Shields
 29988 | D:15     | Found Palops's Weapon Shop.
 30251 | D:15     | Found a staircase to the Depths.
 30251 | D:15     | Noticed a fire giant
 30276 | D:15     | Killed a fire giant
 30544 | D:15     | Reached ****** piety under Trog
 30851 | Snake:1  | Entered Level 1 of the Snake Pit
 30904 | Snake:1  | Found Goxin's Antique Armour Shop.
 31108 | Snake:1  | Found Gedutoir's Armour Emporium.
 31150 | Snake:1  | Reached skill level 5 in Shields
 31162 | Snake:1  | Received a gift from Trog
 31477 | Snake:2  | Reached XP level 16. HP: 152/152 MP: 15/15
 32217 | Snake:2  | Reached skill level 10 in Evocations
 32846 | Snake:3  | Reached skill level 10 in Shields
 32926 | Snake:3  | Received a gift from Trog
 33104 | Snake:3  | Found a white marble altar of Elyvilon.
 33450 | Shoals:1 | Entered Level 1 of the Shoals
 33470 | Shoals:1 | Reached skill level 15 in Dodging
 33472 | Shoals:1 | You fall into a shaft and drop 1 floor!
 33574 | Shoals:2 | Noticed Polyphemus
 34248 | Shoals:1 | Found Cef Zyi's Jewellery Shop.
 34619 | Shoals:1 | Reached XP level 17. HP: 160/160 MP: 16/16
 34667 | Shoals:2 | Killed Polyphemus
 34668 | Shoals:2 | Reached skill level 17 in Fighting
 34844 | Shoals:2 | Found a runed translucent gate.
 34845 | Shoals:2 | Found a runed translucent gate.
 34846 | Shoals:2 | Found a runed translucent gate.
 34876 | Shoals:2 | Received a gift from Trog
 34978 | Shoals:2 | Identified the +2 robe of Kaen {rElec rPois Str+4 Dex+3}
 34980 | Shoals:2 | Identified the +6 flail "Impslayer" {drain, MP-9 Int+6}
 35778 | Shoals:3 | Found Isky's Weapon Shoppe.
 36250 | Shoals:3 | Received a gift from Trog
 36623 | Elf:1    | Entered Level 1 of the Elven Halls
 37371 | Elf:1    | Paralysed by an air elemental for 1 turns
 37374 | Elf:1    | Paralysed by an air elemental for 1 turns
 37471 | Elf:1    | Received a gift from Trog
 37503 | Elf:1    | Found a shimmering blue altar of Sif Muna.
 37527 | Elf:1    | Found Zerphidu's Assorted Antiques.
 37653 | Elf:1    | Reached skill level 18 in Fighting
 38093 | Elf:2    | Found a portal to a secret trove of treasure.
 38237 | Elf:2    | Found Zytirpha's General Store.
 38247 | Elf:2    | Reached XP level 18. HP: 172/172 MP: 17/17
 38259 | Elf:2    | Bought a potion of curing for 48 gold pieces
 38259 | Elf:2    | Bought a scroll of fear for 56 gold pieces
 38315 | Elf:2    | Received a gift from Trog
 38524 | Elf:2    | Found a runed translucent gate.
 38525 | Elf:2    | Found a runed translucent gate.
 38525 | Elf:2    | Found a runed translucent gate.
 38576 | Elf:2    | Found Oshadedgh's One-of-a-Kind Rings.
 38630 | Elf:2    | Bought a +9 ring of dexterity for 2261 gold pieces
 39360 | Elf:3    | Entered Level 3 of the Elven Halls
 39401 | Elf:3    | Received a gift from Trog
 39440 | Elf:3    | Found a flickering gateway to a bazaar.
 39449 | Bazaar   | Entered a bazaar
 39453 | Bazaar   | Found Kezxoyblei's Jewellery Boutique.
 39475 | Bazaar   | Found Valeveg's General Store.
 39496 | Bazaar   | Found Nystria's Book Boutique.
 39516 | Bazaar   | Found Soalown's Antique Weapon Shoppe.
 40092 | Elf:3    | Reached skill level 19 in Fighting
 40128 | Elf:3    | Noticed an Ice Fiend
 40132 | Elf:3    | Noticed an Ice Fiend
 40388 | Elf:2    | Received a gift from Trog
 40694 | Elf:3    | Identified the +8 spear "Wocruzab" {holy, rC+ Will- Str+5
                  | Dex+3}
 40729 | Elf:3    | Identified the +6 glaive "Bodofus" {venom, Str+2}
 40773 | Elf:3    | Identified the ring of Koriec {MP+9 Int+4 SInv}
 40780 | Elf:3    | Reached XP level 19. HP: 183/183 MP: 18/18
 41095 | Elf:3    | Noticed Donald
 41119 | Elf:3    | Killed Donald
 41467 | Snake:4  | Entered Level 4 of the Snake Pit
 41624 | Snake:4  | Noticed Mlioglotl
 41643 | Snake:4  | Killed Mlioglotl
 42088 | Snake:4  | Reached skill level 15 in Shields
 42236 | Snake:4  | Received a gift from Trog
 42759 | Snake:4  | Reached skill level 20 in Fighting
 43115 | Snake:4  | Got a serpentine rune of Zot
 43636 | Shoals:4 | Entered Level 4 of the Shoals
 43917 | Shoals:4 | Found Esippof Way's Specific Store.
 43918 | Shoals:4 | Found Qofacol's General Store.
 43942 | Shoals:4 | Bought a scroll of silence for 112 gold pieces
 44115 | Shoals:4 | Received a gift from Trog
 44317 | Shoals:4 | Got a barnacled rune of Zot
 44453 | Shoals:4 | Found the +8 frozen axe "Frostbite" {freezing cloud, *Noise
                  | Fly rC+}
 44660 | Shoals:4 | Bought a potion of heal wounds for 50 gold pieces
 46484 | Vaults:1 | Entered Level 1 of the Vaults
 46778 | Vaults:1 | Received a gift from Trog
 46893 | Vaults:1 | Found Fevu's Armour Boutique.
 47101 | Vaults:1 | Reached XP level 20. HP: 154/195 MP: 19/19
 47343 | Vaults:1 | Reached skill level 21 in Fighting
 47716 | Vaults:1 | Identified the +1 shortbow "Ziytat" {venom, rElec rCorr
                  | Int+4}
 47786 | Vaults:1 | Received a gift from Trog
 47928 | Vaults:1 | Found a huge runed gate.
 47928 | Vaults:1 | Found a huge runed gate.
 47928 | Vaults:1 | Found a huge runed gate.
 47928 | Vaults:1 | Found a huge runed gate.
 47928 | Vaults:1 | Found a huge runed gate.
 47929 | Vaults:1 | Found a huge runed gate.
 47929 | Vaults:1 | Found a huge runed gate.
 47929 | Vaults:1 | Found a huge runed gate.
 47929 | Vaults:1 | Found a huge runed gate.
 47931 | Vaults:1 | Found a huge runed gate.
 47931 | Vaults:1 | Found a huge runed gate.
 47931 | Vaults:1 | Found a huge runed gate.
 47931 | Vaults:1 | Found a huge runed gate.
 47931 | Vaults:1 | Found a huge runed gate.
 47931 | Vaults:1 | Found a huge runed gate.
 47932 | Vaults:1 | Found a huge runed gate.
 47933 | Vaults:1 | Found a huge runed gate.
 47934 | Vaults:1 | Found a huge runed gate.
 47943 | Vaults:1 | Found a huge runed gate.
 47943 | Vaults:1 | Found a huge runed gate.
 47943 | Vaults:1 | Found a huge runed gate.
 47943 | Vaults:1 | Found a huge runed gate.
 47943 | Vaults:1 | Found a huge runed gate.
 47943 | Vaults:1 | Found a huge runed gate.
 47943 | Vaults:1 | Found a huge runed gate.
 47944 | Vaults:1 | Found a huge runed gate.
 47945 | Vaults:1 | Found a huge runed gate.
 47977 | Vaults:1 | Found a huge runed gate.
 47977 | Vaults:1 | Found a huge runed gate.
 47977 | Vaults:1 | Found a huge runed gate.
 47977 | Vaults:1 | Found a huge runed gate.
 47977 | Vaults:1 | Found a huge runed gate.
 47977 | Vaults:1 | Found a huge runed gate.
 47978 | Vaults:1 | Found a huge runed gate.
 47979 | Vaults:1 | Found a huge runed gate.
 47980 | Vaults:1 | Found a huge runed gate.
 48530 | Vaults:1 | Identified the +9 scimitar "Jydiffis" {elec, Stlth+}
 49631 | Vaults:1 | Received a gift from Trog
 50009 | Vaults:2 | Noticed Jory
 50051 | Vaults:2 | Killed Jory
 50186 | Vaults:2 | Noticed Aizul
 50226 | Vaults:1 | Killed Aizul
 50596 | Vaults:2 | Found a staircase to the Crypt.
 50796 | Vaults:2 | Received a gift from Trog
 51761 | Vaults:3 | Reached XP level 21. HP: 199/206 MP: 20/20
 51867 | Vaults:3 | Reached skill level 22 in Fighting
 52283 | Vaults:3 | Received a gift from Trog
 52679 | Vaults:3 | Found Senol's Distillery.
 52688 | Vaults:3 | Bought a potion of heal wounds for 75 gold pieces
 52688 | Vaults:3 | Bought a potion of heal wounds for 75 gold pieces
 52822 | Vaults:3 | Identified the +0 leather armour of Yguaczih {Will++ Int-4
                  | Dex+2}
 52949 | Vaults:3 | Received a gift from Trog
 53229 | Vaults:3 | Noticed Sojobo
 54071 | Elf:2    | You paid a toll of 10 potions of heal wounds to enter a
                  | treasure trove
 54072 | Trove    | Entered a treasure trove
 54166 | Trove    | Reached XP level 22. HP: 212/212 MP: 21/21
 54558 | Vaults:3 | Paralysed by an air elemental for 1 turns
 54573 | Vaults:3 | Paralysed by an air elemental for 1 turns
 55538 | Vaults:4 | Noticed Mara
 55547 | Vaults:4 | Noticed diecastcamel's illusion
 55552 | Vaults:4 | Killed Mara
 55553 | Vaults:4 | Reached skill level 23 in Fighting
 56379 | Vaults:4 | Cast into level 2 of the Abyss (a wizard)
 56695 | Abyss:2  | Lost intelligence.
 56796 | Abyss:2  | Found a corrupted altar of Lugonu.
 57358 | Vaults:4 | Escaped the Abyss
 57597 | Depths:1 | Entered Level 1 of the Depths
 57627 | D:15     | Reached XP level 23. HP: 159/227 MP: 16/19
 57852 | Depths:1 | Found a magical portal.
 57980 | WizLab   | Entered Doroklohe's Tomb
 58006 | WizLab   | Identified the +2 battleaxe "Depnar" {vorpal, Str+4} (Trog
                  | gifted it to you in a wizard's laboratory)
 58006 | WizLab   | Received a gift from Trog
 58433 | Depths:1 | Found a gateway to Hell.
 58776 | Depths:1 | Found a one-way gate to the infinite horrors of the Abyss.
 58804 | Depths:1 | Paralysed by a vampire knight for 6 turns
 58820 | Depths:1 | Paralysed by a vampire knight for 2 turns
 59947 | Depths:2 | Found a corrupted altar of Lugonu.
 60275 | Depths:2 | Found Inlops's Assorted Antiques.
 60278 | Depths:2 | Bought a scroll of enchant weapon for 345 gold pieces
 60279 | Depths:2 | Bought a scroll of blinking for 345 gold pieces
 60392 | Depths:2 | Noticed Asterion
 60414 | Depths:2 | Gained mutation: You are clumsy. (Dex -2) [a cacodemon]
 60420 | Depths:2 | Killed Asterion
 60748 | Depths:2 | Found a one-way gate leading to the halls of Pandemonium.
 60770 | Depths:2 | Lost mutation: You are clumsy. (Dex -2) [potion of
                  | mutation]
 60770 | Depths:2 | Gained mutation: You are partially covered in iridescent
                  | scales. (AC +2) [potion of mutation]
 60897 | Depths:3 | Received a gift from Trog
 61407 | Depths:3 | Found an iron altar of Okawaru.
 61451 | Depths:3 | Reached skill level 24 in Fighting
 61496 | Depths:3 | Noticed an ancient lich
 62146 | Depths:3 | Killed an ancient lich
 62297 | Depths:3 | Identified the +3 leather armour "Alayri" {Rampage rN+
                  | Str+2 Int-2}
 62317 | Depths:3 | HP: 6/227 [quicksilver dragon/bolt of dispelling energy
                  | (21)]
 62318 | Depths:3 | HP: 2/227 [Executioner[a deep elf demonologist] (3)]
 63029 | Depths:3 | Identified the +7 shortbow "Vyxipt" {venom, Fly rCorr}
 63042 | Depths:3 | Identified the +10 dagger "Ogrebane" {protect, rC+ Int+5}
 63108 | Depths:3 | Found a shadowy altar of Dithmenos.
 63111 | Depths:3 | Noticed a caustic shrike
 63114 | Depths:3 | Noticed a caustic shrike
 63116 | Depths:3 | Noticed a caustic shrike
 63199 | Depths:3 | Noticed a caustic shrike
 63205 | Depths:3 | Killed a caustic shrike
 63213 | Depths:3 | Found a basalt altar of Yredelemnul.
 63647 | Depths:3 | Reached XP level 24. HP: 239/239 MP: 22/22
 63664 | Depths:3 | Identified the +12 halberd "Zuyzuh" {flame, Str+4 Int+4}
 63824 | Depths:3 | Acquired 894 gold pieces
 63954 | Depths:3 | Found a blossoming altar of Fedhas.
 64402 | Depths:3 | Identified the +1 pair of gloves of Greed {+Inv rF- Int+6
                  | Slay-4}
 64912 | Depths:4 | Entered Level 4 of the Depths
 64974 | Depths:4 | Received a gift from Trog
 65076 | Depths:4 | Found a gate to the Realm of Zot.
 65285 | Depths:4 | Found Heiskuca's Jewellery Shoppe.
 65328 | Depths:4 | Noticed a juggernaut
 65342 | Depths:3 | Killed a juggernaut
 65613 | Depths:4 | Reached skill level 25 in Fighting
 65823 | Depths:4 | Found a one-way gateway to a ziggurat.
 65932 | Depths:4 | Paralysed by something for 4 turns
 65937 | Depths:4 | HP: 3/236 [something (14)]
 65941 | Depths:4 | Mangled by a vampire knight

Illustrated notes

Levels and vault maps discovered:
D:1:      roderic_crossed_star, layout_rooms,
          hellmonk_ecumenical_altar_lost_god, minmay_distorted
D:2:      layout_basic, minmay_crystal_room
D:3:      layout_loops_cross, uniq_ijyb
D:4:      layout_basic, mainiacjoe_overflow_chevrons,
          gammafunk_temple_overflow_forgotten, nicolae_wooded_promenade,
          grunt_decor_arrowhead, minmay_door_square, chequers_jeans,
          hex_intersection
D:5:      layout_layer_cave, nicolae_wu_jian_wuxing_cycle,
          uniq_crazy_yiuf_cottage, uniq_blork_the_orc, uniq_eustachio,
          uniq_grinder
D:6:      layout_basic, serial_shops, nicolae_shop_hallway_stairs, uniq_sigmund
D:7:      layout_loops_cross, minmay_temple_entry_enclosed_plants,
          kennysheep_opposing_triangles
D:8:      gammafunk_beogh_shrine, layout_cave_pools, okawaru_altar_gauntlet_db,
          fountainhead, skrybe_limestone_x
D:9:      layout_layer_cave, nicolae_tso_carved_into_rock,
          overflow_temple_1_default, enter_bailey_7, bh_walls_and_bars
D:10:     layout_basic, dpeg_lair_monsters
D:11:     layout_loops_ring, hiddenorc2_lemuel, st_stairs_2, jiyva_altar_1
D:12:     layout_loops_ring, david_defended_altar_orc
D:13:     layout_basic, minmay_strange_pillars
D:14:     layout_stronghold, david_vaults_4, minmay_misc_feat_doors
D:15:     grunt_enter_depths_giant_problem, layout_cave_pods, serial_shops,
          nicolae_shop_hallway_plus
Temple:   zaba_magenta_temple
Lair:1:   layout_cave_pods, grunt_forest_stairs_basic, lemuel_fruit_tree,
          uniq_urug
Lair:2:   dpeg_oklob_gauntlet, layout_regular_city, guppyfry_snake_entry_garden,
          gammafunk_ghost_wrathful_warriors
Lair:3:   layout_concentric_octagons, elwin_shoals_entry_rocks,
          gammafunk_ghost_berserking_beasts, beast_lair_carwin_9,
          grunt_megastairs_5
Lair:4:   layout_cave_pods, ebering_ghost_funeral_grove
Lair:5:   layout_concentric_octagons, slime_altar_2, serial_bayou_pond_d
Lair:6:   minmay_lair_end_frog_pond, layout_concentric_octagons
Shoals:1: layout_shoals, serial_shops, shop
Shoals:2: layout_shoals, nicolae_shoals_beach_cooler, uniq_polyphemus
Shoals:3: layout_shoals, serial_shops, nicolae_shop_trees,
          nicolae_shoals_flooded_hall
Shoals:4: shoals_end_grunt_ice, layout_shoals, nicolae_specific_store,
          nicolae_shoals_elemental_ambush
Snake:1:  layout_onion_interference, serial_shops, shop,
          nicolae_take_the_stairs, nicolae_snake_bzzzt
Snake:2:  layout_grid_maze, serial_bayou, serial_bayou_pond_c,
          serial_bayou_crossing, serial_bayou_pond_a, serial_bayou_pond_c,
          serial_bayou_pond_d, serial_bayou_pond_e, serial_bayou_shore_a,
          grunt_megastairs_2
Snake:3:  layout_rooms, basic_altar
Snake:4:  hellmonk_snake_rune_quicksilver_temple, layout_chambers,
          uniq_mlioglotl
Orc:1:    layout_caves, basic_altar
Orc:2:    st_orc_pillars, layout_diamond_mine, uniq_rupert
Elf:1:    layout_loops_corners, serial_shops, shop_fountains, basic_altar,
          minmay_elf_demonology, grunt_megastairs_1
Elf:2:    nicolae_elf_blades_crystal_corner, layout_gridlike,
          nicolae_trove_entry_free_sample, serial_shops, shop,
          grunt_ministairs_15, nicolae_shop_unique_rings
Elf:3:    grunt_elf_hall_asides, layout_onion_city, serial_shops, bzr_firewalk,
          item_on_display_a, uniq_donald
Vaults:1: v_rooms_6, nicolae_vaults_sealed_display,
          nicolae_vaults_three_branches, hangedman_vaults_snaps, door_vault,
          nicolae_vaults_network_square, v_misc_19, vaults_standard_mumra_x,
          hangedman_vaults_stretched_pinwheel, vaults_dpeg_encased_lava,
          vaults_room_hallway, grunt_vaults_hallway_short, layout_vaults_ring,
          serial_shops, shop
Vaults:2: nicolae_vaults_big_angled_halls, v_misc_12, hangedman_vaults_unwind,
          v_rooms_4, vaults_mumra_hex, hangedman_vaults_pinch,
          nicolae_vaults_network_quinsquares
          [nicolae_vaults_network_quincunx_subvault,
          nicolae_vaults_network_quincunx_subvault,
          nicolae_vaults_network_quincunx_subvault,
          nicolae_vaults_network_quincunx_subvault], nicolae_vaults_rhombus_5,
          vaults_room_pool, nicolae_vaults_little_squares_6,
          minmay_crypt_entry_simple_walls, nicolae_vaults_back_hallway,
          vaults_dpeg_diagonal, layout_vaults_maze_snakey, uniq_aizul, uniq_jory
Vaults:3: nicolae_vaults_little_squares_2, v_rooms_2,
          nicolae_vaults_yaktaur_gun_rack, vaults_room_pools, v_misc_33,
          v_misc_15, hangedman_vaults_restitches, vaults_dpeg_doors,
          vaults_dpeg_hooks, st_spiral_rooms, vaults_room_semicircle,
          layout_vaults_omnibox, serial_shops, shop, uniq_sojobo
Vaults:4: vaults_dpeg_cross, vaults_room_boxed, nicolae_vaults_what_the_h,
          ontoclasm_vaults_idyll, ontoclasm_vaults_ring_small,
          vaults_room_door_ring, v_rooms_6, v_pattern_5, st_lattice,
          serial_ice_h, layout_vaults_big_room, uniq_mara
Depths:1: layout_forbidden_donut, lightli_enter_wizlab_magi_temple,
          hangedman_decor_cross_pass, abyss_entry, hell_entry,
          chequers_serial_rivers_small_3, chequers_serial_rivers_small_3,
          serial_bayou_pond_e, kennysheep_generic_room_2
Depths:2: minmay_shoctagon, layout_gridlike, abyss_entry_flame_altar,
          serial_shops, kennysheep_mini, nicolae_concentric_dashed_squares_wild,
          grunt_hell_entry_dis_grunt, rand_demon_pan_entry_9, uniq_asterion
Depths:3: grunt_profane_halls [grunt_profane_temple_dis,
          grunt_profane_temple_geh, grunt_profane_temple_coc,
          grunt_profane_temple_tar, grunt_profane_loot], abyss_entry,
          hell_entry, serial_shops
Depths:4: grunt_x_marks_the_spot, layout_basic, enter_ziggurat_e, hell_entry,
          serial_sigils_hangedman_carve, serial_shops, shop

Skill      XL: |  1  2  3  4  5  6  7  8  9 10 11 12 13 14 15 16 17 18 19 20 21 22 23 24 |
---------------+-------------------------------------------------------------------------+-----
Axes           | 4 5 6 7 8 9 10 13 15 16 17 | 17.7
Fighting       | 4 5 6 7 8 10 11 13 14 15 16 18 19 20 21 22 23 24 25 | 25.0
Armour         | 3 4 5 6 8 10 11 12 14 15 16 18 19 20 21 22 23 24 | 24.9
Dodging        | 3 4 5 6 7 9 10 11 12 14 15 16 17 19 20 21 22 23 | 23.0
Polearms       | 1 4 |  4.2
Evocations     | 1 3 5 6 9 10 | 10.4
Shields        | 6 10 12 14 15 17 18 20 | 20.0

Action                   |  1- 3 |  4- 6 |  7- 9 | 10-12 | 13-15 | 16-18 | 19-21 | 22-24 || total
-------------------------+-------+-------+-------+-------+-------+-------+-------+-------++-------
Melee: Hand axe          |    77 |    76 |    62 |       |       |       |       |       ||   215
       Headbutt          |     7 |    17 |    26 |   102 |   313 |   342 |   533 |   532 ||  1872
       Punch             |     2 |     1 |       |       |       |       |       |       ||     3
       Spear             |       |       |    91 |   150 |     6 |   904 |   459 |       ||  1610
       War axe           |       |       |       |   257 |   481 |       |       |       ||   738
       Battleaxe         |       |       |       |       |   138 |       |       |       ||   138
       Broad axe         |       |       |       |       |   564 |   782 |  1166 |  1552 ||  4064
       Demon whip        |       |       |       |       |       |       |    79 |       ||    79
Throw: Stone             |       |     4 |       |       |       |       |       |       ||     4
Invok: Berserk           |     1 |     1 |     2 |     1 |       |       |     1 |     3 ||     9
       Trog's Hand       |     1 |       |     1 |     3 |     6 |    15 |    18 |    16 ||    60
       Brothers in Arms  |       |       |       |       |       |       |       |     1 ||     1
Evoke: Wand              |       |       |     1 |     8 |     5 |     7 |     2 |       ||    23
       Phantom mirror    |       |       |       |       |       |     3 |       |     2 ||     5
       Tin of tremorston |       |       |       |       |       |     5 |       |     2 ||     7
       Phial of floods   |       |       |       |       |       |     1 |       |       ||     1
       Condenser vane    |       |       |       |       |       |       |     1 |     1 ||     2
       Box of beasts     |       |       |       |       |       |       |       |     3 ||     3
  Use: Scroll            |       |     3 |     6 |     6 |    17 |    14 |    10 |    26 ||    82
       Potion            |       |       |       |       |     8 |     5 |     2 |    27 ||    42
 Stab: Distracted        |       |       |     1 |       |     1 |       |       |       ||     2
Armor: Animal skin       |     5 |       |       |       |       |       |       |       ||     5
       Scale mail        |     6 |    19 |     6 |       |       |       |       |       ||    31
       Plate armour      |       |       |    55 |   166 |   530 |   539 |   362 |   492 ||  2144
       Skin              |       |       |       |       |       |       |       |     1 ||     1
Dodge: Dodged            |    40 |    34 |    30 |   110 |   420 |   412 |   556 |   672 ||  2274
Block: Orb               |       |       |     6 |    45 |   139 |       |       |       ||   190
       Reflection        |       |       |     6 |     7 |    15 |   163 |   115 |    55 ||   361
       Other             |       |       |       |       |    33 |       |       |       ||    33
       Kite shield       |       |       |       |       |   185 |  1308 |   440 |   442 ||  2375
       Tower shield      |       |       |       |       |       |       |  1286 |  1365 ||  2651
